cohdb
Replays
Latest Replays
All Replays
Popular Replays
Top Player Replays
Match Explorer
How It Works
Community
CoH3 Stats
Reddit
Sign in to upload your games and track your stats! →
Sign in with Steam
Match 39010491
Unlisted
Match 39010491
Overview
Messages
Build Orders
End
Panzergrenadier Squad
Selects Armored Support Battlegroup
250 Light Carrier
Panzergrenadier Squad
Construct Light Support Kompanie
2.5-tonne Medical Truck
Construct Mechanized Kompanie
Assault Mechanized Group
Selects Superior Fire Drills
Construct Panzerarmee Kommand
Selects Flammpanzer III Medium Tank
Flammpanzer III Medium Tank
Panzerjäger Squad
Panzer III L Medium Tank
Emergency Repair Kits
Vehicle Survival Package
Walking Stuka Rocket Launcher
Kradschützen Motorcycle Team
Panzer III L Medium Tank
Support Armor Elements
Selects Salvage Kits
Selects Panzer Storm
Panzer III L Medium Tank
Nuclear Viking
打飞医保卡
bogdan
Diter Rams
Frost233233
Michty Action X
Грибобас
Carcano
0
0
Comments
sign in to comment!
No comments posted yet!